cohdb
Replays
Latest Replays
All Replays
Popular Replays
Top Player Replays
Match Explorer
How It Works
Community
CoH3 Stats
Reddit
Sign in to upload your games and track your stats! →
Sign in with Steam
Match 46827987
Unlisted
Match 46827987
Overview
Messages
Build Orders
End
Construct Infanterie Kompanie
Grenadier Squad
MG 42 Machine Gun Team
Grenadier Squad
Grenadier Squad
Medical Station
Construct Luftwaffe Kompanie
Jäger Squad
Support Elements
Wirbelwind Flakpanzer
Pioneer Squad
Construct Panzergrenadier Kompanie
Pak 40 Anti-tank Gun Team
Sad Pepe
gio_misro
Gundy
Captain Egor
0
0
Comments
sign in to comment!
No comments posted yet!